 Dungeon Crawl Stone Soup version 0.28.0-45-g0d030f2227 (webtiles) character file.

Game seed: 18033900900748645948

114 Gabide the Grave Robber (level 4, 0/32 HPs)
             Began as a Mummy Necromancer on Apr 9, 2022.
             Slain by an ogre
             ... wielding a +0 giant spiked club
              (32 damage)
             ... on level 4 of the Dungeon.
             The game lasted 00:04:28 (4237 turns).

Gabide the Grave Robber (Mummy Necromancer)         Turns: 4237, Time: 00:04:29

Health: 0/32       AC:  2    Str: 11    XL:     4   Next: 67%
Magic:  0/9        EV: 12    Int: 16    God:
Gold:   185        SH:  0    Dex: 12    Spells: 2/10 levels left

rFire   x . .      SeeInvis .   (no weapon)
rCold   + . .      Faith    .   (no shield)
rNeg    + + +      Spirit   .   a - +0 robe
rPois   ∞          Reflect  .   (no helmet)
rElec   .          Harm     .   (no cloak)
rCorr   +          Rampage  .   (no gloves)
Will    .....                   (no boots)
Stlth   ++........              (no amulet)
HPRegen 0.10/turn               f - ring of resist corrosion
MPRegen 0.11/turn               (no ring)

@: no status effects
A: cold resistance 1, negative energy resistance 3, torment resistance 2, heat
vulnerability 1, no potions
a: no special abilities


You were on level 4 of the Dungeon.
You visited 1 branch of the dungeon, and saw 4 of its levels.

You collected 185 gold pieces.

Inventory:

Armour
 a - a +0 robe (worn)
Jewellery
 f - a ring of resist corrosion (left hand)
Wands
 i - a wand of paralysis (8)
Scrolls
 b - 2 scrolls of identify {unknown}
 c - 2 scrolls of amnesia {unknown}
 d - a scroll of vulnerability {unknown}
 e - a scroll of brand weapon {unknown}
 g - a scroll of enchant armour {unknown}
 h - a scroll of noise {unknown}


   Skills:
 * Level 1.5 Fighting
 * Level 2.0 Dodging
 + Level 1.6 Stealth
 * Level 3.9 Spellcasting
 * Level 5.0 Necromancy


You had 2 spell levels left.
You knew the following spells:

 Your Spells              Type           Power      Damage    Failure   Level
a - Pain                  Necr           76%        1d7       2%          1
b - Vampiric Draining     Necr           19%        2d7       6%          3
c - Dispel Undead         Necr           19%        3d11      22%         4

Your spell library contained the following spells:

 Spells                   Type           Power      Damage    Failure   Level
 Animate Skeleton         Necr           38%        N/A       2%          1
 Corpse Rot               Necr/Air       22%        N/A       10%         2
 Animate Dead             Necr           9%         N/A       22%         4
 Dazzling Flash           Conj/Hex       6%         N/A       45%         3
 Agony                    Necr           19%        N/A       52%         5
 Death Channel            Necr           9%         N/A       97%         6
 Silence                  Hex/Air        1%         N/A       99%         5


Dungeon Overview and Level Annotations

Branches:
Dungeon (4/15)
 Temple: D:4-7

Altars:

Shops:
D:2 (*


Innate Abilities, Weirdness & Mutations

You are immune to poison.
Your flesh is cold resistant. (rC+)
You are immune to negative energy. (rN+++)
You are immune to unholy pain and torment.
You are vulnerable to heat. (rF-)
You do not drink.


Message History

The ogre shouts!
There is a stone staircase leading up here.
You can't see any susceptible monsters within range! (Use Z to cast anyway.)
The goblin writhes in agony!
You kill the goblin!
The ogre writhes in agony.
The ogre writhes in agony.
You climb upwards.
There is a stone staircase leading down here.
You start resting.
Magic restored.
You climb downwards.
The ogre hits you with a +0 giant spiked club!
There is a stone staircase leading up here.
Casting: Pain (safe; 2% risk of failure)
Confirm with . or Enter, or press ? or * to list all spells.
Aiming: Vampiric Draining (dangerous; 6% risk of failure)
Press: ? - help, Shift-Dir - straight line, f - ogre
Aim: an ogre, wielding a +0 giant spiked club (lightly wounded)
You draw life force from the ogre.
You feel life coursing into your body. The ogre closely misses you.
Unknown command.
Casting: Vampiric Draining (dangerous; 6% risk of failure)
Confirm with . or Enter, or press ? or * to list all spells.
Aiming: Vampiric Draining (dangerous; 6% risk of failure)
Press: ? - help, Shift-Dir - straight line, f/p - ogre
Aim: an ogre, wielding a +0 giant spiked club (moderately wounded)
You draw life force from the ogre.
You feel life coursing into your body. The ogre barely misses you.
Casting: Vampiric Draining (dangerous; 6% risk of failure)
Confirm with . or Enter, or press ? or * to list all spells.
Aiming: Vampiric Draining (dangerous; 6% risk of failure)
Press: ? - help, Shift-Dir - straight line, f/p - ogre
Aim: an ogre, wielding a +0 giant spiked club (heavily wounded)
You draw life force from the ogre!
You feel life coursing into your body.
You hit the ogre.
The ogre is almost dead.
The ogre hits you with a +0 giant spiked club!!
Ouch! That really hurt!
You die...

#...# .....
##...# # ....#
.# . #...# ..#
...###...#...#.
...............
......O@.......
...####..###...
...# ###.# )#
.. .. ###


You could see an ogre.

Vanquished Creatures
  4 adders
  A worm (D:2)
  2 dart slugs
  An orc (D:3)
  4 ball pythons
  5 endoplasms
  5 giant cockroaches
  7 goblins
  12 hobgoblins
  2 jackals (D:2)
  4 quokkas
  2 bats
  5 frilled lizards
  5 kobolds
  5 rats
64 creatures vanquished.

Notes
Turn   | Place    | Note
-------+----------+-------------------------------------------
     0 | D:1      | Gabide the Mummy Necromancer began the quest for the Orb.
     0 | D:1      | Reached XP level 1. HP: 13/13 MP: 4/4
    93 | D:1      | Found a faded altar of an unknown god.
   197 | D:1      | Reached XP level 2. HP: 18/20 MP: 0/5
   968 | D:1      | Reached XP level 3. HP: 25/25 MP: 1/7
  1298 | D:1      | Learned a level 3 spell: Vampiric Draining
  2406 | D:2      | Found Yrekyforr's Weapon Emporium.
  2457 | D:2      | Reached skill level 1 in Fighting
  2555 | D:2      | Found Xohidypa's General Store.
  2691 | D:2      | Reached XP level 4. HP: 32/32 MP: 7/9
  3369 | D:3      | Got the Compendium of Darkness
  3375 | D:3      | Learned a level 4 spell: Dispel Undead
  3465 | D:3      | Reached skill level 5 in Necromancy
  4203 | D:4      | Noticed an ogre
  4237 | D:4      | Slain by an ogre

Illustrated notes

Levels and vault maps discovered:
D:1:      beargit_arrival_greenhouse, layout_loops_ring,
          shapermc_ecumenical_altar_starsandcircs, minmay_pentomino_x2
D:2:      layout_basic, serial_shops, shop_fountains,
          nicolae_shop_bloodbath_and_beyond, nicolae_underground_beach
D:3:      layout_loops_ring
D:4:      kennysheep_the_goblin_king, layout_basic,
          mainiacjoe_overflow_boulevard, minmay_fountain_box, uniq_pikel

Skill      XL: |  1  2  3  4 |
---------------+-------------+-----
Spellcasting   | 3 |  3.9
Fighting       | 1 |  1.5
Necromancy     | 5 |  5.0
Dodging        | 2 |  2.0
Stealth        | |  1.6

Action                   |  1- 3 |  4- 6 || total
-------------------------+-------+-------++-------
Melee: Unarmed           |    34 |     1 ||    35
       Punch             |     1 |       ||     1
 Cast: Pain              |    96 |    52 ||   148
       Vampiric Draining |       |     4 ||     4
Armor: Robe              |     7 |       ||     7
Dodge: Dodged            |    25 |     4 ||    29
